AoeStats
← eloycorsob

Arena

510520579Analyzed
4v4 RM · 2d ago on Oct 1, 2026· 45m 37s· 8 players
Game mode
Random Map
Map size
Large (8 player)
Population
200
Speed
Normal
Resources
Standard
Victory
Conquest
Starting age
Dark Age
Ending age
Imperial Age
RankedLock teamsTeams togetherTeam positionsShared explorationLock speedFull tech treeHidden civsTurbo modeCheats
Victory
Defeat
🇨🇳 Bohemians · China
740
+8
🇵🇰 Poles · Pakistan
649
+11
🇪🇸 Spanish · Spain
611
+12
🇨🇳 Khmer · China
585
+13
🇦🇺 Varangians · Australia
606
-15
🇭🇰 Turks · Hong Kong SAR China
596
-13
🇨🇳 Turks · China
479
-9
🇳🇴 Jurchens · Norway
422
-7
羊驼驼咩
9:44 Feudal Age
11:19 Wheelbarrow
10:27 Horse Collar
14:08 Double-Bit Axe
22:07 Castle Age
20:18 Gold Mining
20:22 Stone Mining
23:10 Hand Cart
22:57 Heavy Plow
23:08 Bow Saw
25:24 Fletching
27:25 Gold Shaft Mining
27:30 Stone Shaft Mining
30:45 Imperial Age
28:02 Loom
28:04 Town Watch
28:56 Bodkin Arrow
29:04 Padded Archer Armor
31:13 Leather Archer Armor
32:00 Bracer
32:31 Ring Archer Armor
32:37 Crop Rotation
33:00 Caravan
34:26 Chemistry
33:47 Ballistics
33:38 Masonry
33:34 Siege Engineers
34:46 Double Crossbow
34:46 Tusk Swords
35:03 Town Patrol
36:58 Hoardings
36:44 Conscription
39:02 Architecture
38:42 Fortified Wall
38:28 Murder Holes
38:23 Guard Tower
39:57 Conscription
39:29 Elite Ballista Elephant
40:40 Heated Shot
41:31 Heavy Scorpion
44:00 Keep
44:33 Scale Mail Armor
44:44 Forging
44:40 Scale Barding Armor
eloycorsob
0:44 Loom
12:40 Feudal Age
17:59 Wheelbarrow
17:26 Horse Collar
17:43 Gold Mining
18:15 Double-Bit Axe
19:05 Stone Mining
23:45 Castle Age
22:16 Town Watch
23:46 Padded Archer Armor
24:06 Forging
23:59 Scale Mail Armor
25:05 Squires
24:27 Pikeman
25:00 Arson
25:02 Gambesons
25:57 Caravan
26:53 Bow Saw
28:30 Heavy Plow
29:34 Thumb Ring
33:01 Imperial Age
31:30 Ballistics
32:44 Hand Cart
33:35 Masonry
34:17 Stone Shaft Mining
35:42 Chemistry
36:01 Husbandry
36:13 Bloodlines
37:14 Halberdier
41:44 Two-Man Saw
42:46 Cavalier
43:04 Elite Conquistador
45:35 Conscription
mrbeast2mrbeast2
7:43 Loom
11:19 Feudal Age
12:57 Wheelbarrow
15:53 Double-Bit Axe
19:29 Castle Age
19:33 Scale Barding Armor
20:33 Bow Saw
20:04 Horse Collar
22:05 Husbandry
22:31 Bloodlines
23:54 Gold Mining
23:54 Stone Mining
25:00 Forging
24:17 Pikeman
29:09 Chain Barding Armor
29:28 Hand Cart
30:57 Szlachta Privileges
36:25 Iron Casting
38:53 Stone Shaft Mining
42:20 Imperial Age
44:39 Cavalier
小兔子拔萝卜
0:37 Loom
11:30 Feudal Age
13:05 Double-Bit Axe
15:35 Horse Collar
21:59 Castle Age
22:12 Wheelbarrow
24:04 Bow Saw
26:40 Caravan
32:52 Imperial Age
32:57 Arson
33:13 Squires
32:33 Pikeman
33:36 Ballistics
34:17 Chemistry
34:26 Heavy Plow
35:30 Two-Man Saw
34:57 Conscription
34:42 Hussite Reforms
34:08 Sappers
34:43 Wagenburg Tactics
34:56 Masonry
36:10 Hand Cart
36:00 Elite Skirmisher
36:49 Wagenburg Tactics
36:44 Murder Holes
37:01 Fortified Wall
36:40 Halberdier
38:19 Houfnice
40:04 Architecture
39:39 Padded Archer Armor
39:30 Fletching
39:40 Scale Mail Armor
39:50 Forging
40:34 Sappers
43:45 Bombard Tower
46:11 Leather Archer Armor
45:51 Bodkin Arrow
46:12 Chain Mail Armor
46:32 Iron Casting
46:06 Siege Engineers
Varg_1960
4:28 Loom
11:01 Feudal Age
18:34 Castle Age
25:37 Town Watch
33:38 Imperial Age
31:41 Stone Mining
31:43 Gold Mining
33:19 Double-Bit Axe
34:19 Heavy Rocket Cart
35:45 Gold Shaft Mining
35:47 Stone Shaft Mining
36:55 Fortified Bastions
37:24 Conscription
38:10 Wheelbarrow
40:20 Chemistry
39:54 Ballistics
41:01 Forging
41:09 Padded Archer Armor
41:11 Scale Mail Armor
41:02 Fletching
43:18 Elite Skirmisher
ToveLo
12:02 Feudal Age
12:32 Double-Bit Axe
17:04 Horse Collar
20:28 Castle Age
19:40 Stone Mining
19:41 Gold Mining
19:52 Arson
21:23 Bow Saw
21:16 Heavy Plow
24:22 Forging
24:26 Gold Mining
25:46 Wheelbarrow
27:12 Squires
29:19 Scale Mail Armor
36:16 Scale Barding Armor
39:28 Chain Barding Armor
39:25 Chain Mail Armor
41:54 Imperial Age
39:57 Gambesons
40:06 Fletching
40:53 Iron Casting
41:48 Hand Cart
41:36 Caravan
tingchunng
11:15 Feudal Age
11:47 Double-Bit Axe
11:46 Horse Collar
15:27 Gold Mining
18:53 Castle Age
19:07 Stone Mining
20:45 Bow Saw
22:09 Heavy Plow
23:54 Ballistics
32:53 Gold Shaft Mining
37:52 Imperial Age
35:59 Wheelbarrow
36:06 Wheelbarrow
38:22 Elite Janissary
39:24 Conscription
39:49 Artillery
41:55 Hand Cart
おに惨
Connection lost

Rejoining the realm…

Still unreachable

The connection could not be restored.

Session expired

The server has moved on; the page needs a fresh start.